[Event "*** Titled Tuesday Blitz"]
[Site "Chess.com"]
[Date "2021.04.20"]
[Round "10"]
[White "Sibelephant"]
[Black "Abund"]
[Result "1-0"]
[WhiteElo "3088"]
[BlackElo "2745"]
[TimeControl "180+1"]
[EndTime "11:56:20 PDT"]
[Termination "Sibelephant won on time"]

1. Nf3 Nf6 2. c4 g6 3. b3 Bg7 4. Bb2 O-O 5. g3 c6 6. Bg2 d5 7. d3 a5 8. Nbd2 Bg4 9. O-O Nbd7 10. h3 Bxf3 11. Nxf3 e6 12. Qc2 Qe7 13. a3 Rfc8 14. Rac1 Ne8 15. Bxg7 Kxg7 16. Qb2+ Qf6 17. d4 Nd6 18. e3 Qe7 19. Rfe1 b6 20. Nd2 Nf6 21. c5 bxc5 22. Rxc5 Nb7 23. Rc2 Rc7 24. Rec1 Rac8 25.
Bf1 c5 26. Nf3 cxd4 27. Rxc7 Rxc7 28. Rxc7 Qxc7 29. Nxd4 Nd6 30. b4 axb4 31. axb4 Nc4 32. Qc3 e5 33. Nf3 Ne4 34. Qc2 f6 35. Bd3 Ned6 36.
Nd2 Qc6 37. Nb1 Qb5 38. Qb3 Qb6 39. Bf1 Qc6 40. Nc3 Qb7 41. b5 d4 42. exd4 exd4 43.
Bxc4 dxc3 44. Bd3 Qc7 45. b6 Qc6 46. Bc2 Qb7 47. Qb4 Qc6 48. h4 f5 49. Qd4+ Kf7 50. Bb3+ Ke7 51. Ba4 Qb7 52. Qe5+ Kf7 53. Qxd6 c2 54.
Bb3+ Kg7 55. Bxc2 Qxb6 56. Qxb6 1-0

[Event "*** Titled Tuesday Blitz"]
[Site "Chess.com"]
[Date "2021.04.20"]
[Round "10"]
[White "Sanan_Sjugirov"]
[Black "KuzubovYuriy"]
[Result "1-0"]
[WhiteElo "2932"]
[BlackElo "2874"]
[TimeControl "180+1"]
[EndTime "11:56:22 PDT"]
[Termination "Sanan_Sjugirov won by resignation"]

1. e4 c5 2. Nf3 Nc6 3. d4 cxd4 4. Nxd4 Nf6 5. Nc3 e5 6. Ndb5 d6 7. Bg5 a6 8. Na3 b5 9. Bxf6 gxf6 10. Nd5 f5 11. g3 Bg7 12. Bg2 fxe4 13. Bxe4 Be6 14.
Qh5 Rc8 15. c3 Ne7 16. Nxe7 Qxe7 17. Nc2 d5 18. Bf5 d4 19. O-O Bxf5 20. Qxf5 O-O 21.
cxd4 Qe6 22. Qxe6 fxe6 23. Nb4 exd4 24. f4 e5 25. fxe5 Bxe5 26. Nd3 Bd6 27. Rxf8+ Kxf8 28. Rc1 Rc4 29. Kf2 Ke7 30. Kf3 a5 31. Ke4 a4 32.
Kd5 Rxc1 33. Nxc1 h5 34. Nd3 a3 35. b3 Kd7 36. Kxd4 Ke6 37. Nf4+ Kf5 38. Nxh5 Kg4 39.
Nf6+ Kf3 40. Kd3 Be7 41. Nd5 Bf8 42. Nc3 b4 43. Nd5 Bd6 44. Kc4 Ke2 45. Nxb4 Kd2 46.
Nd5 Kc2 47. g4 Kb2 48. Nc3 Be5 49. Nb5 Kxa2 50. h4 Kb2 51. Nxa3 Kxa3 52. b4 Ka4 53. g5 Bf4 54. g6 Bh6 55. h5 Bf8 56. b5 Ka5 57. Kd5 Kxb5 58. Ke6 Kc6 59. Kf7 Bh6 60.
g7 Bxg7 61. Kxg7 1-0

[Event "*** Titled Tuesday Blitz"]
[Site "Chess.com"]
[Date "2021.04.20"]
[Round "10"]
[White "olksuna"]
[Black "juancruzarias"]
[Result "1/2-1/2"]
[WhiteElo "2651"]
[BlackElo "2573"]
[TimeControl "180+1"]
[EndTime "11:56:23 PDT"]
[Termination "Game drawn by repetition"]

1. e4 e6 2. d4 d5 3. Nc3 Nf6 4. e5 Nfd7 5. f4 c5 6. Nf3 Nc6 7. Be3 cxd4 8. Nxd4 Bc5 9. Qd2 O-O 10. Be2 a6 11.
Rd1 Qc7 12. O-O Nxd4 13. Bxd4 b5 14. a3 b4 15. axb4 Bxb4 16. Kh1 a5 17. f5 exf5 18. Nxd5 Qb8 19. Qg5 Nxe5 20. Nf6+ Kh8 21. Rxf5 Bxf5 22. Qxf5 Ng6 23. Qh5 h6 24. Nd7 Qf4 25. Nxf8 Bxf8 26. g3 Qc7 27. Qxh6+ Kg8 28. Qe3 Rd8 29. c3 Qb7+ 30.
Qf3 Qxb2 31. Bc4 Nh8 32. Rf1 Rd7 33. Qa8 Qb7+ 34. Qxb7 Rxb7 35. Re1 Re7 36. Rb1 Ng6 37. Rb8 Ne5 38. Ba2 Nc6 39. Ra8 Nxd4 40. cxd4 Re1+ 41. Kg2 Re2+ 42. Kf3 Rxa2 43. Ke4 f6 44. d5 Kf7 45. Ra7+ Kg6 46. h4 Bb4 47. g4 Re2+ 48.
Kf4 Rd2 49. h5+ Kh7 50. Ke4 Re2+ 51. Kf4 Rd2 52. Ke4 Rd1 53. Ra6 Bc5 54. Rc6 Bb4 55.
Ra6 Rd2 56. Ra7 1/2-1/2

[Event "*** Titled Tuesday Blitz"]
[Site "Chess.com"]
[Date "2021.04.20"]
[Round "10"]
[White "Matensien"]
[Black "Michaelson_11"]
[Result "1-0"]
[WhiteElo "2388"]
[BlackElo "2230"]
[TimeControl "180+1"]
[EndTime "11:56:23 PDT"]
[Termination "Matensien won on time"]

1. d4 Nf6 2. c4 g6 3. Nf3 Bg7 4. g3 O-O 5. Bg2 d6 6. O-O c6 7. h3 Qb6 8. Nc3 Qa6 9. b3 e5 10. dxe5 dxe5 11. Bb2 Nbd7 12. Qc2 Re8 13. Rad1 Nf8 14. g4 h5 15. g5 N6h7 16. h4 Bf5 17. Qc1 Rad8 18. Rxd8 Rxd8 19. Na4 e4 20. Ne5 Qa5 21.
Bc3 Qc7 22. Qb2 b5 23. Nc5 b4 24. Bd4 Rxd4 25. Qxd4 Bxe5 26. Qd2 Bc3 27. Qe3 Qe5 28. Nxe4 Bd4 29. Qg3 Bxe4 30. Qxe5 Bxe5 31. Bxe4 Ne6 32. Bxc6 Nd4 33. Bf3 Nxf3+ 34. exf3 Nf8 35. Rd1 Ne6 36. Rd7 Bd4 37. f4 Kf8 38. f5 gxf5 39. Kg2 Ke8 40. Rb7 f4 41. Kf3 Bb6 42. Rb8+ Ke7 43. Rh8 Nd4+ 44.
Kxf4 Ne2+ 45. Kf5 Nc1 46. Rxh5 Nxa2 47. Rh7 Kd6 48. Rxf7 Nc1 49. g6 Bd4 50. g7 Bxg7 51. Rxg7 Nxb3 52. h5 Nd4+ 53. Kf6 b3 54. Rb7 a5 55. h6 Kc6 56. Rb8 Kc7 57. Rxb3 Nxb3 58. h7 a4 59. h8=Q a3 60. Qa8 1-0

[Event "*** Titled Tuesday Blitz"]
[Site "Chess.com"]
[Date "2021.04.20"]
[Round "10"]
[White "jucAxx"]
[Black "Valeron87"]
[Result "1-0"]
[WhiteElo "2196"]
[BlackElo "2371"]
[TimeControl "180+1"]
[EndTime "11:56:23 PDT"]
[Termination "jucAxx won on time"]

1. e4 c5 2. c3 d5 3. exd5 Qxd5 4.
d4 Nf6 5. Nf3 Bf5 6. Be2 cxd4 7.
cxd4 Bxb1 8. Rxb1 e6 9. Qa4+ Nc6 10. O-O Bd6 11. Bg5 O-O 12. Bxf6 gxf6 13. Qb5 Qxb5 14.
Bxb5 Nb4 15. a3 Nd5 16. Rbc1 Rfc8 17. Bd7 Rxc1 18. Rxc1 Kf8 19. Kf1 Ke7 20. Ba4 Nf4 21.
Rc3 Rd8 22. g3 Nd5 23. Rc2 Nb6 24. Bb5 a6 25. Bd3 h6 26. Be4 Rd7 27. Ke2 f5 28. Bd3 f6 29. h3 a5 30. Bb5 Rd8 31. a4 Nd5 32. b3 Nb4 33. Rc4 Bb8 34. Nh4 f4 35. Ng6+ Kf7 36. Nxf4 Bxf4 37. gxf4 Nd5 38. Kf3 Rg8 39. Rc2 Rg1 40. Bc4 Rb1 41. Bxd5 exd5 42.
Rc7+ Kg6 43. Rxb7 Rc1 44. Rb5 Rc3+ 45. Kg2 Kf5 46. Rxd5+ Kxf4 47. Rxa5 Rxb3 48. Rh5 Ra3 49. Rxh6 Kg5 50. Rh8 Rxa4 51. d5 Rd4 52. Rd8 Rd3 53.
d6 f5 54. d7 Kf4 55. h4 Rd5 56. h5 Rd6 57. h6 Rg6+ 58. Kf1 Rxh6 59. Rg8 Kf3 60.
d8=Q 1-0

[Event "*** Titled Tuesday Blitz"]
[Site "Chess.com"]
[Date "2021.04.20"]
[Round "10"]
[White "WiktoriaPOL"]
[Black "Komiagina_Maria"]
[Result "1/2-1/2"]
[WhiteElo "2053"]
[BlackElo "2199"]
[TimeControl "180+1"]
[EndTime "11:56:26 PDT"]
[Termination "Game drawn by repetition"]

1. e4 c5 2. d4 cxd4 3. c3 d3 4. Bxd3 Nc6 5. Nf3 e6 6. c4 d6 7. Nc3 Be7 8. O-O Nf6 9. h3 O-O 10. Be3 a6 11. Qd2 Ne5 12. Be2 Qc7 13. Nxe5 dxe5 14.
Rad1 Bd7 15. b3 Bc6 16. Qc2 Rac8 17. f3 Nd7 18. Rd2 Bb4 19. Rfd1 Rfd8 20. Qb2 Qa5 21. Rc2 Ba3 22. Qb1 b5 23. cxb5 axb5 24. Bd2 Qb6+ 25.
Kf1 Bc5 26. b4 Bg1 27. Be1 Bd4 28. Qc1 h6 29. Nxb5 Be3 30. Bd2 Bg1 31. Be1 Bxb5 32. Rxc8 Bxe2+ 33. Kxe2 Rxc8 34. Qxc8+ Nf8 35. Qc3 Qb5+ 36.
Qd3 Qb6 37. a4 Kh7 38. a5 Qb7 39. Bg3 Bd4 40. b5 Ng6 41. b6 h5 42. Qb5 h4 43.
Bf2 Nf4+ 44. Kf1 Bxf2 45. Kxf2 Qc8 46. Rd2 Qc1 47. Qb4 Qh1 48. Rb2 Qxg2+ 49. Ke1 Nd3+ 50. Kd1 Qf1+ 51. Kd2 Nxb4 52. Rxb4 Qf2+ 53. Kc3 Qxf3+ 54. Kc4 Qxe4+ 55. Kb5 Qd5+ 56. Ka6 Qa8+ 57. Kb5 Qd5+ 58. Ka4 Qc6+ 59. Rb5 Qc4+ 60. Rb4 Qc6+ 61. Ka3 Qc3+ 62. Ka4 Qc6+ 1/2-1/2

[Event "*** Titled Tuesday Blitz"]
[Site "Chess.com"]
[Date "2021.04.20"]
[Round "10"]
[White "DKmirl"]
[Black "2008king"]
[Result "0-1"]
[WhiteElo "1884"]
[BlackElo "2138"]
[TimeControl "180+1"]
[EndTime "11:56:27 PDT"]
[Termination "2008king won on time"]

1. d4 d5 2. Nf3 Nf6 3. c4 c6 4. g3 dxc4 5. Bg2 b5 6. O-O Bb7 7. a4 a6 8. b3 cxb3 9. Qxb3 e6 10. Bf4 Bd6 11. Ne5 O-O 12. Nd2 Qe7 13. Rfc1 Rc8 14.
Rc2 Bxe5 15. Bxe5 Nbd7 16. Nf3 Nd5 17. e4 N5f6 18. Bxf6 Nxf6 19. Ne5 c5 20. axb5 axb5 21. Rxa8 Rxa8 22. dxc5 Ra1+ 23. Bf1 Bxe4 24. Ra2 Rxa2 25. Qxa2 h5 26. c6 Qc5 27. Qa8+ Kh7 28. Nxf7 Ng4 29. Qh8+ Kg6 30. Ne5+ Nxe5 31. Qe8+ Kh6 32. Qxe6+ Bg6 33. c7 Nf3+ 34. Kg2 Ne1+ 35. Kg1 Qxc7 36. Qxe1 b4 37. Qxb4 Qc1 38. Qb5 Kh7 39. Qe2 Qg5 40. Qf3 Qc5 41. Qe3 Qd6 42. Kg2 h4 43. h3 Qd5+ 44.
Kg1 Bf5 45. g4 Bg6 46. f3 Qa2 47. Qf2 Qd5 48. Qxh4+ Kg8 49. Qf2 Qe5 50. Qa2+ Bf7 51. Qf2 Qf4 52. Bg2 Bd5 53. Kh1 Qc1+ 54. Qg1 Qd2 55.
Qf1 Qe3 56. Kh2 g5 57. Kh1 Kg7 58. Qa1+ Kg6 59. Qf1 Kf6 60. Kh2 Ke6 61. Kh1 Ke5 62.
Kh2 Kf4 63. Kh1 Kg3 64. Qg1 Qd2 65. Qh2+ Kh4 0-1

[Event "*** Titled Tuesday Blitz"]
[Site "Chess.com"]
[Date "2021.04.20"]
[Round "10"]
[White "Salem-AR"]
[Black "RD4ever"]
[Result "0-1"]
[WhiteElo "2956"]
[BlackElo "2892"]
[TimeControl "180+1"]
[EndTime "11:56:32 PDT"]
[Termination "RD4ever won by resignation"]

1. d4 d5 2. c4 e6 3. Nc3 c5 4.
cxd5 exd5 5. Nf3 Nc6 6. g3 Nf6 7. Bg2 cxd4 8. Nxd4 Bc5 9. Nb3 Bb6 10. O-O d4 11.
Na4 O-O 12. Nxb6 axb6 13. e4 Bg4 14. f3 Be6 15. Bd2 Nd7 16. f4 Nc5 17. Nxc5 bxc5 18. b3 f6 19. Qh5 c4 20. bxc4 Bxc4 21. Rfb1 Rf7 22. Qc5 Bxa2 23. Rb2 Be6 24. Rab1 Qc8 25. f5 Ne5 26. Qxd4 Rd7 27. Qc3 Bf7 28. Qxc8+ Rxc8 29. Bf4 Rcc7 30. Rb5 Re7 31. Bf1 Be8 32. Bxe5 Rxe5 33. Rxe5 fxe5 34. Rb6 Kf8 35. Kf2 Bc6 36. Bd3 Ke7 37.
Ke3 Kd6 38. Rb1 Rc8 39. g4 Ra8 40. Rd1 Kc5 41. h4 Ra3 42. Ke2 Ra2+ 43. Ke3 Rh2 44. g5 Rh3+ 45. Ke2 Rxh4 46. Rf1 Kd4 47. f6 gxf6 48. gxf6 Be8 49. Bb1 Bh5+ 50. Kf2 Rf4+ 51. Kg1 Rxf1+ 52. Kxf1 Bf7 53. Kf2 b5 54. Ke2 h5 55. Kd2 b4 56. Kc2 h4 57. Kb2 h3 58.
Ba2 h2 59. Bxf7 h1=Q 60. Bd5 Qg2+ 61. Kb3 Qf3+ 62. Kxb4 Qxf6 0-1

[Event "*** Titled Tuesday Blitz"]
[Site "Chess.com"]
[Date "2021.04.20"]
[Round "10"]
[White "Witik"]
[Black "Legendinunknown"]
[Result "0-1"]
[WhiteElo "2663"]
[BlackElo "2596"]
[TimeControl "180+1"]
[EndTime "11:56:32 PDT"]
[Termination "Legendinunknown won on time"]

1. d4 Nf6 2. Bf4 g6 3. Nf3 Bg7 4. e3 O-O 5. Be2 d6 6. c4 Nc6 7.
Nc3 Nd7 8. h3 e5 9. Bh2 Re8 10.
O-O exd4 11. exd4 Nf6 12. Re1 Bf5 13. d5 Ne7 14. Nd4 Bd7 15. Qd2 Nf5 16. Nxf5 Bxf5 17. Bf3 h5 18. Bf4 Qd7 19. Re3 Rxe3 20. Qxe3 a6 21. Re1 Re8 22. Qd2 Nh7 23. Rxe8+ Qxe8 24. Ne2 Be5 25. Qe3 Nf6 26. Bxe5 Qxe5 27. Qxe5 dxe5 28. Nc3 Nd7 29. b4 b6 30. Be2 Kf8 31. g4 hxg4 32.
hxg4 Bc2 33. Kf1 Ke7 34. Ke1 g5 35. Kd2 Bg6 36. a3 f5 37. gxf5 Bxf5 38. Ke3 Nf6 39. c5 bxc5 40. bxc5 Bc8 41. Bc4 Ng4+ 42. Ke2 Nf6 43.
Ke3 Bb7 44. f3 Bc8 45. a4 g4 46. fxg4 Nxg4+ 47. Ke4 Kf6 48. d6 Bf5+ 49. Kd5 Ne3+ 50. Kc6 Nxc4 51. d7 Ke7 52. Kxc7 Bxd7 53. Nd5+ Ke6 54.
Nb6 Na5 55. Nxd7 e4 56. c6 e3 57. Nc5+ Kd5 58. Nd3 Nxc6 59. Kb6 Kd4 60. Ne1 Nb4 61. Ka5 Kc3 62. Nf3 e2 63. Kb6 Kd3 64. a5 Ke3 65. Ne1 Kf2 0-1

[Event "*** Titled Tuesday Blitz"]
[Site "Chess.com"]
[Date "2021.04.20"]
[Round "10"]
[White "Kale36"]
[Black "dmitrijiIM"]
[Result "0-1"]
[WhiteElo "2325"]
[BlackElo "2549"]
[TimeControl "180+1"]
[EndTime "11:56:32 PDT"]
[Termination "dmitrijiIM won on time"]

1. d4 Nf6 2. Nc3 d5 3. Bg5 c6 4. e3 Bf5 5. f4 e6 6. Nf3 Nbd7 7. Bd3 h6 8. Bh4 Be7 9. O-O b5 10. Ne5 Rc8 11. a4 b4 12. Ne2 Ne4 13. Be1 h5 14. Ng3 Nxg3 15. Bxg3 Nf6 16. Bh4 Ne4 17. Bxe7 Qxe7 18. Qe1 f6 19. Bxe4 Bxe4 20. Nd3 b3 21. Nc5 Bxc2 22. Ra3 O-O 23. Nxb3 Bxb3 24. Rxb3 c5 25. Qe2 Qe8 26. Rb5 c4 27. Qd2 f5 28.
Qb4 Rb8 29. Rf3 a6 30. Rxb8 Qxb8 31. Qe7 Qxb2 32. h3 h4 33. Qxe6+ Rf7 34. Qxd5 c3 35.
Qd8+ Rf8 36. Qd5+ Kh7 37. Rf1 Qd2 38. Qc5 Qxe3+ 39. Kh1 Rf6 40. Rf3 Qe1+ 41. Kh2 c2 42. Qxc2 Qe4 43. Qf2 Rh6 44. Qe3 Re6 45. Qf2 Rh6 46.
Qe3 Qd5 47. Qe5 Qf7 48. d5 Rb6 49. Rd3 Qg6 50. Qe3 Rb1 51. d6 Rb2 52. Rd2 Qg3+ 53. Qxg3 hxg3+ 54. Kxg3 Rxd2 55. Kh4 Rxd6 56. Kg5 Rd4 57. g4 Rxa4 58. h4 fxg4 59. h5 Ra5+ 60. f5 Rb5 61. h6 gxh6+ 62. Kf6 g3 63. Ke7 Rxf5 0-1

[Event "*** Titled Tuesday Blitz"]
[Site "Chess.com"]
[Date "2021.04.20"]
[Round "10"]
[White "VMikhalevski"]
[Black "Anton_Demchenko"]
[Result "0-1"]
[WhiteElo "2722"]
[BlackElo "2907"]
[TimeControl "180+1"]
[EndTime "11:56:34 PDT"]
[Termination "Anton_Demchenko won by resignation"]

1. Nf3 Nf6 2. g3 g6 3. d4 Bg7 4. Bg2 O-O 5. O-O d6 6. b3 b5 7.
Ne5 dxe5 8. Bxa8 c6 9. a4 b4 10. dxe5 Nfd7 11. e6 fxe6 12. c3 Nb6 13. Ra2 bxc3 14.
Rc2 Nxa8 15. Nxc3 Nb6 16. Ne4 Nd5 17. Bb2 Bxb2 18. Rxb2 Na6 19. Qd4 Qb6 20. Qd2 Nf6 21. Ng5 e5 22. Qc3 Nd5 23. Qd2 Qd4 24. e3 Qg4 25. f4 exf4 26. exf4 e5 27. fxe5 Rxf1+ 28. Kxf1 h6 29. Nf7 Kxf7 30. Qf2+ Qf5 31. Kg1 Qxf2+ 32. Rxf2+ Ke7 33. Rc2 Nab4 34. Rf2 Bf5 35. Kg2 Be4+ 36. Kh3 Bc2 37. Rf3 a5 38. Kh4 Bf5 39. g4 Be6 40. g5 h5 41. Kg3 Bf5 42. h4 Ke6 43.
Rf1 Kxe5 44. Re1+ Kd6 45. Re8 c5 46. Ra8 Nc6 47. Rg8 Ndb4 48. Rf8 Bc2 49. Rf6+ Kd5 50. Kf4 Bd3 51. Ke3 Bb1 52. Kd2 Be4 53. Kc3 Nd4 54. Kb2 Nd3+ 55. Kc3 Nb4 56. Kb2 Bf5 57. Kc3 Ke5 58. Kb2 Nd5 59. Ka3 Nxf6 60. gxf6 Kxf6 61. b4 cxb4+ 62. Kb2 Be6 0-1

[Event "*** Titled Tuesday Blitz"]
[Site "Chess.com"]
[Date "2021.04.20"]
[Round "10"]
[White "InvisibleWarrior2252"]
[Black "nikitakhoroshev"]
[Result "1-0"]
[WhiteElo "2562"]
[BlackElo "2625"]
[TimeControl "180+1"]
[EndTime "11:56:37 PDT"]
[Termination "InvisibleWarrior2252 won by resignation"]

1. e4 e5 2. Nf3 Nc6 3. Bc4 Nf6 4. d3 Be7 5. O-O d6 6. Re1 Na5 7. Bb5+ c6 8. Ba4 b5 9. Bb3 Nxb3 10. axb3 c5 11. b4 cxb4 12. Bd2 Bb7 13. Bxb4 a5 14. Bd2 O-O 15. Nc3 b4 16. Ne2 d5 17. Ng3 dxe4 18.
dxe4 Bc5 19. c3 Ng4 20. Nh1 Qb6 21.
Qe2 Ba6 22. c4 Bb7 23. b3 f5 24.
h3 fxe4 25. hxg4 exf3 26. gxf3 Bxf3 27. Qxe5 Qc6 28. Ng3 Rae8 29. Qg5 Rxe1+ 30. Rxe1 Bxg4 31. Be3 Bxe3 32. Rxe3 Bf3 33. Nf5 Qf6 34. Qxf6 Rxf6 35. Rxf3 g6 36. Ne7+ Kf7 37. Rxf6+ Kxf6 38. Nd5+ Ke5 39.
Kg2 Kd4 40. Nb6 g5 41. Kg3 h5 42. Na4 Ke4 43. Nc5+ Ke5 44. Nb7 a4 45. bxa4 Kd4 46.
Na5 Kc5 47. Kf3 Kd4 48. Kg3 Kc5 49. Nb3+ Kxc4 50. a5 Kb5 51. Kf3 Ka6 52. Ke4 Kb5 53. Kf5 Kc4 54. a6 Kxb3 55. a7 Kc3 56. a8=Q b3 57.
Qc6+ Kd2 58. Kxg5 b2 59. Qb5 Kc1 60. Kxh5 b1=Q 61. Qxb1+ Kxb1 62. f4 1-0

[Event "*** Titled Tuesday Blitz"]
[Site "Chess.com"]
[Date "2021.04.20"]
[Round "10"]
[White "alejogarcia1999"]
[Black "UCantHandleDenker"]
[Result "1/2-1/2"]
[WhiteElo "2468"]
[BlackElo "2590"]
[TimeControl "180+1"]
[EndTime "11:56:37 PDT"]
[Termination "Game drawn - insufficient material"]

1. d4 d6 2. g3 Nf6 3. Bg2 Nbd7 4. c4 e5 5. Nc3 Be7 6. e4 O-O 7. Nf3 c6 8. O-O a6 9. b3 Re8 10. h3 Bf8 11. Re1 b5 12. Be3 Bb7 13. Qc2 Qc7 14. a4 b4 15. Na2 a5 16. Nc1 c5 17.
d5 g6 18. Nh4 Bg7 19. Nd3 Nh5 20. Qe2 Nhf6 21. Qd2 Kh8 22. Re2 Rad8 23. Rf1 Bc8 24. Bg5 Bb7 25. Kh2 Ra8 26. Qd1 Ng8 27. Bc1 Rf8 28. f4 exf4 29. gxf4 Rae8 30. Bb2 Qd8 31. Nf3 h6 32. e5 Bc8 33. exd6 Rxe2 34. Qxe2 Re8 35.
Bxg7+ Kxg7 36. Qb2+ Ndf6 37. Nxc5 Qxd6 38. Nd3 Bf5 39.
Qd4 Bxd3 40. Qxd3 Qxf4+ 41. Kg1 Re4 42. Nd2 Qe3+ 43. Qxe3 Rxe3 44. Rf3 Re2 45. Rd3 Nd7 46. Ne4 f5 47. Ng3 Rb2 48. d6 Ngf6 49. Bc6 Kf7 50.
Bxd7 Nxd7 51. c5 Nxc5 52. d7 Nxd7 53. Rxd7+ Kf6 54. Rd3 g5 55. Nf1 f4 56. Nd2 Kf5 57.
Kf2 h5 58. Kf3 g4+ 59. hxg4+ hxg4+ 60. Kf2 Ke5 61. Ke1 Kf5 62. Rd5+ Ke6 63. Rxa5 f3 64.
Rg5 f2+ 65. Ke2 Rxd2+ 66. Kf1 Rd3 67. Rxg4 Rxb3 68. Rg5 Rb2 69. a5 Kd6 70. a6 Kc7 71. Rb5 Ra2 72. a7 Rxa7 73. Rxb4 Ra2 74. Rf4 Kd6 75.
Rxf2 Rxf2+ 76. Kxf2 1/2-1/2

[Event "*** Titled Tuesday Blitz"]
[Site "Chess.com"]
[Date "2021.04.20"]
[Round "10"]
[White "ChristopherYoo"]
[Black "TigrVShlyape"]
[Result "1-0"]
[WhiteElo "2906"]
[BlackElo "2846"]
[TimeControl "180+1"]
[EndTime "11:56:40 PDT"]
[Termination "ChristopherYoo won by resignation"]

1. e4 e5 2. Nf3 Nc6 3. Bb5 a6 4.
Ba4 Nf6 5. d4 exd4 6. O-O Be7 7.
e5 Ne4 8. Nxd4 Nxd4 9. Qxd4 Nc5 10. Nc3 O-O 11. Bb3 d6 12. Bf4 Nxb3 13. axb3 dxe5 14. Qxe5 Bd6 15. Qd4 Bxf4 16. Qxf4 Be6 17. Rfe1 Qd6 18. Qxd6 cxd6 19. Rad1 Rfd8 20. Rd2 Kf8 21. f4 Rac8 22. h3 h5 23. Ne4 d5 24. Ng3 h4 25. Ne2 Bf5 26.
c3 Be4 27. Kf2 a5 28. Nd4 b6 29. Red1 Rd6 30. Nf3 Rf6 31. Ke3 Re8 32. Ne5 Kg8 33.
c4 g5 34. fxg5 Rf5 35. Ng4 Bf3+ 36. Kd3 dxc4+ 37. bxc4 Bxg4 38. hxg4 Rxg5 39. Kc3 Rxg4 40. Rd8 Rxd8 41. Rxd8+ Kg7 42. Rd2 Rg3+ 43. Kd4 Kf6 44. Kd5 Rg5+ 45. Kc6 Rc5+ 46. Kxb6 Rxc4 47. Kxa5 Kg5 48. b4 Rc1 49. b5 Ra1+ 50. Kb6 f5 51.
Rc2 f4 52. Kc7 Kg4 53. b6 Rb1 54. Rc3 f3 55. Rxf3 Rc1+ 56. Kd6 Rd1+ 57. Kc5 Rb1 58. Rc3 Rb2 59. Rc4+ Kg3 60. Rb4 Rc2+ 61. Kd5 Rd2+ 62.
Ke4 Rd8 63. b7 Rb8 64. Kf5 Rf8+ 65. Kg5 Rg8+ 66. Kh5 Rh8+ 67. Kg6 Rg8+ 68. Kf7 Rb8 69. Ke6 Rxb7 70. Rxb7 Kxg2 71. Kf5 h3 72. Kg4 h2 73.
Rb2+ Kg1 74. Kg3 1-0

[Event "*** Titled Tuesday Blitz"]
[Site "Chess.com"]
[Date "2021.04.20"]
[Round "10"]
[White "Manukyan_Artak"]
[Black "TheRealPeakyBlinder"]
[Result "0-1"]
[WhiteElo "2439"]
[BlackElo "2656"]
[TimeControl "180+1"]
[EndTime "11:56:43 PDT"]
[Termination "TheRealPeakyBlinder won on time"]

1. e4 e6 2. d4 d5 3. e5 c5 4. c3 Nc6 5. Nf3 Bd7 6. a3 c4 7. Nbd2 Qb6 8. b4 cxb3 9. Nxb3 Na5 10. Nxa5 Qxa5 11. Bd2 Qa4 12. Qb1 Bc6 13. Bd3 Nh6 14.
O-O g6 15. Ra2 Nf5 16. Bc2 Qa5 17. c4 Qd8 18. Bg5 Be7 19. Bxe7 Qxe7 20. c5 O-O 21. Bxf5 gxf5 22. Qc1 Kh8 23. Qh6 Rg8 24. Qf6+ Qxf6 25. exf6 Rg6 26. Ne5 Rxf6 27. Rb1 f4 28. Rab2 f3 29.
g3 Kg7 30. Nxc6 bxc6 31. Rb8 Rxb8 32. Rxb8 e5 33. dxe5 Re6 34. h3 Rxe5 35. Rc8 Re1+ 36. Kh2 Rf1 37. g4 Rxf2+ 38. Kg3 Ra2 39. Kxf3 Rxa3+ 40. Kf4 d4 41. Rxc6 Rxh3 42. Rd6 Rc3 43. c6 d3 44. Ke3 Kf8 45. Kd2 Rc5 46. Kxd3 Ke7 47.
Rd7+ Ke6 48. Rxa7 Rxc6 49. Ke4 Rc4+ 50. Kf3 Kf6 51. Ra5 Kg6 52. Kg3 f6 53. Rf5 Rc3+ 54.
Kh4 Re3 55. Rd5 Re7 56. Kg3 Rg7 57. Kf4 Ra7 58. Rc5 Ra4+ 59. Kg3 Re4 60. Rf5 Re5 61. Rf4 Kg5 62. Rf3 h6 63. Kh3 Rb5 64. Kg3 Kg6 65. Kh3 Kf7 66. Kg3 Ke6 67. Re3+ Re5 68. Rf3 Rg5 69. Kh4 Ke5 70. Re3+ Kf4 71. Re1 Rxg4+ 72.
Kh5 Rg2 0-1

[Event "*** Titled Tuesday Blitz"]
[Site "Chess.com"]
[Date "2021.04.20"]
[Round "10"]
[White "gmpeter008"]
[Black "NateSolon"]
[Result "1-0"]
[WhiteElo "2511"]
[BlackElo "2644"]
[TimeControl "180+1"]
[EndTime "11:56:44 PDT"]
[Termination "gmpeter008 won on time"]

1. d4 Nf6 2. Bf4 d5 3. e3 e6 4. Nf3 Bd6 5. Nbd2 O-O 6. c3 c5 7. Bd3 Bxf4 8. exf4 Qd6 9. g3 Nc6 10. O-O Bd7 11. Re1 Rab8 12. a3 Rfc8 13. Qe2 a6 14.
dxc5 Qxc5 15. Nb3 Qd6 16. Nbd4 Na5 17. Ne5 g6 18. Rad1 Ba4 19. Rd2 Nb3 20. Nxb3 Bxb3 21. Qe3 b5 22. Qa7 Rf8 23. Bf1 Qb6 24. Qe7 Ne4 25. Nd7 Qd8 26. Qxf8+ Qxf8 27. Rxe4 Qc8 28. Nxb8 dxe4 29. Nd7 Kg7 30. Ne5 Bd5 31. Ng4 Qc5 32.
Ne3 Bc6 33. Rd4 e5 34. fxe5 Qxe5 35. Be2 h5 36. h4 Kh6 37. Kf1 Qe6 38. Ke1 Qa2 39. Rd2 Kg7 40. Kf1 a5 41. Rd6 Bb7 42. Bxb5 Qxb2 43. Bc4 Bc8 44. Rc6 Bh3+ 45. Kg1 Qxc3 46.
Rc7 Qe1+ 47. Bf1 Bxf1 48. Nxf1 Qa1 49. Kg2 Qxa3 50. Ne3 Qd3 51. Ra7 a4 52. Rxa4 Qb1 53. Ra7 Qb6 54. Rd7 Qe6 55. Rd1 Kh6 56. Kf1 Qa6+ 57.
Kg1 Qa4 58. Kg2 Qa6 59. Re1 Qe6 60. Rd1 Qc6 61. Re1 Qe6 62. Rf1 Qf6 63. Rd1 Qf3+ 64. Kg1 Kg7 65. Rd5 Kh6 66. Rd1 f5 67. Rd6 f4 68. Rf6 1-0

[Event "*** Titled Tuesday Blitz"]
[Site "Chess.com"]
[Date "2021.04.20"]
[Round "10"]
[White "kubal123"]
[Black "mjray79"]
[Result "1/2-1/2"]
[WhiteElo "2267"]
[BlackElo "2435"]
[TimeControl "180+1"]
[EndTime "11:56:47 PDT"]
[Termination "Game drawn - insufficient material"]

1. Nf3 Nf6 2. g3 g6 3. Bg2 Bg7 4. O-O d6 5. d3 O-O 6. e4 c5 7. Nbd2 Nc6 8. c3 Rb8 9. Re1 b5 10. a4 b4 11. Nc4 Ba6 12. e5 Nxe5 13. Nfxe5 dxe5 14. Nxe5 Bb7 15. Bxb7 Rxb7 16. Qf3 Qd5 17. Qxd5 Nxd5 18. c4 Nf6 19. Be3 Rc8 20. Rad1 Nd7 21. Nxd7 Rxd7 22. b3 e6 23. Kf1 Bc3 24. Re2 Kf8 25.
Rc2 Ke7 26. Ke2 Rc6 27. h4 h5 28. Rcc1 Kd8 29. Rc2 Kc7 30. Bd2 Bf6 31. Bf4+ Kb6 32. Be3 Rcd6 33. Bf4 e5 34. Be3 e4 35. Rcd2 Bc3 36.
dxe4 Bxd2 37. Rxd2 Rxd2+ 38. Bxd2 Kc6 39. Be3 Kd6 40.
f3 Re7 41. Bf4+ Kc6 42. Be3 f5 43. exf5 gxf5 44. Kd3 Kd6 45. Bf4+ Ke6 46. Be3 Rg7 47. Bg5 Rd7+ 48. Ke2 Ke5 49. Be3 Rg7 50. Bf4+ Kd4 51. Kd2 Re7 52. Bg5 Re6 53. Bf4 Re7 54. Bg5 Re6 55. Bf4 Rg6 56. Be3+ Ke5 57. Bf4+ Ke6 58. Ke2 Kd7 59. Be5 Re6 60. f4 Rg6 61. Kf3 Ke6 62. Bb8 Rg7 63. Be5 Rd7 64. Ke2 Rd8 65. Bc7 Rd4 66. Be5 Re4+ 67. Kd2 Rxe5 68. fxe5 Kxe5 69. Ke3 a5 70. Kf3 Kd4 71. Kf4 Kc3 72. Kxf5 Kxb3 73. g4 hxg4 74. Kxg4 Kxa4 75. h5 b3 76. h6 b2 77. h7 b1=Q 78. h8=Q Qe4+ 79. Kg3 Qxc4 80. Qe8+ Qb5 81. Qe4+ c4 82. Kf2 Qb2+ 83. Ke1 Qc3+ 84. Kd1 Qd3+ 85. Qxd3 cxd3 86. Kd2 Kb3 87. Kxd3 Kb2 88. Kd2 a4 89. Kd3 a3 90. Kc4 a2 91.
Kc5 a1=N 1/2-1/2

[Event "*** Titled Tuesday Blitz"]
[Site "Chess.com"]
[Date "2021.04.20"]
[Round "10"]
[White "Arystanner"]
[Black "moro182"]
[Result "1-0"]
[WhiteElo "2815"]
[BlackElo "2712"]
[TimeControl "180+1"]
[EndTime "11:56:52 PDT"]
[Termination "Arystanner won by resignation"]

1. e4 e5 2. Nf3 Nc6 3. Bb5 a6 4. Ba4 Nf6 5. d3 b5 6. Bb3 Bc5 7. Nc3 d6 8. Nd5 h6 9. c3 O-O 10. Nxf6+ Qxf6 11. Bd5 Bd7 12. Rg1 Kh8 13. g4 Qg6 14. g5 Qh5 15. Rg3 f5 16. gxh6 gxh6 17. exf5 Rxf5 18. Bd2 Raf8 19. Qe2 Ne7 20. Be4 R5f6 21.
d4 exd4 22. cxd4 Bb6 23. d5 Nxd5 24. O-O-O Nf4 25. Qf1 Qc5+ 26. Kb1 Qxf2 27. Bc3 Qxf1 28. Rxf1 Ne2 29. Bxf6+ Rxf6 30. Rg6 Rxg6 31. Bxg6 Kg7 32. Bc2 Bh3 33. Re1 Nf4 34. Nh4 Bf2 35. Re4 Bxh4 36.
Rxf4 Bg5 37. Rf3 Bd7 38. b3 Bg4 39. Rg3 h5 40. h3 Bf4 41. Rg2 Kf6 42. hxg4 h4 43. g5+ Bxg5 44. Rf2+ Ke6 45. Be4 Be3 46. Re2 Bf4 47. Kc2 Kf6 48. Kd3 h3 49. Bh1 h2 50.
Ke4 Be5 51. Kd5 c5 52. Rf2+ Kg5 53. Ke4 Kg4 54. Rg2+ Kh3 55. Kf3 b4 56. Rg8 Kh4 57.
Rg4+ Kh5 58. Rg8 Kh6 59. Ra8 Kg6 60. Rxa6 Kf5 61. a4 Ke6 62. a5 Kd5 63. Ra8 Kc6 64. a6 Kb6 65. Ke2 c4 66. bxc4 b3 67. Kd3 b2 68. Kc2 Bd4 69. a7 Be5 70. c5+ dxc5 71. Re8 Kxa7 72. Rxe5 Kb6 73. Kxb2 1-0